 Dungeon Crawl Stone Soup version 0.26-a0-597-gb535b0901c (webtiles) character file.

Game seed: 7279934302318280801

29 Alarkh the Insei (level 3, 26/26 HPs)
             Began as a Demonspawn Transmuter on Sept 12, 2020.
             Got out of the dungeon alive.
             The game lasted 00:00:44 (687 turns).

Alarkh the Insei (Demonspawn Transmuter)             Turns: 687, Time: 00:00:44

Health: 26/26      AC:  6    Str: 10    XL:     3   Next: 1%
Magic:  6/6        EV:  8    Int: 15    God:
Gold:   103        SH:  0    Dex: 13    Spells: 5/6 levels left

rFire    . . .     SeeInvis .     - Unarmed
rCold    . . .     Faith    .   (no shield)
rNeg     . . .     Spirit   .   f - +0 scale mail (curse)
rPois    +         Reflect  .   (no helmet)
rElec    .         Harm     .   (no cloak)
rCorr    .                      (no gloves)
MR       .....                  (no boots)
Stlth    ..........             (no amulet)
HPRegen  0.08/turn              g - ring of poison resistance
MPRegen  0.10/turn              (no ring)

@: no status effects
A: talons 1, rot immunity
a: no special abilities


You escaped.
You visited 1 branch of the dungeon, and saw 2 of its levels.

You collected 103 gold pieces.

Inventory:

Armour
 a - a +0 robe
 f - a cursed +0 scale mail (worn)
Jewellery
 g - a ring of poison resistance (left hand)
Scrolls
 b - 4 scrolls of remove curse {unknown}
 c - a scroll of magic mapping {unknown}
Potions
 d - a potion of haste {unknown}
 e - a potion of brilliance {unknown}
 h - a potion of curing {unknown}


   Skills:
 - Level 1.0 Fighting
 - Level 1.7 Dodging
 + Level 3.8 Unarmed Combat
 - Level 2.0 Spellcasting
 - Level 1.7 Transmutations


You had 5 spell levels left.
You knew the following spells:

 Your Spells              Type           Power        Failure   Level
a - Beastly Appendage     Tmut           #.....       61%         1

Your spell library contained the following spells:

 Spells                   Type           Power        Failure   Level
 Wereblood                Tmut           #.......     75%         2
 Spider Form              Tmut/Pois      #.........   98%         3
 Ice Form                 Ice/Tmut       #.......     100%        4
 Blade Hands              Tmut           #.........   100%        5


Dungeon Overview and Level Annotations

Branches:
Dungeon (2/15)

Altars:


Innate Abilities, Weirdness & Mutations

You have sharp toenails.
You are immune to rotting.


Message History

There is a stone staircase leading up here.
You hit the dart slug but do no damage. You hit the dart slug.
You claw the dart slug.
The dart slug is almost dead.
The dart slug bites you but does no damage.
You hit the dart slug.
You kill the dart slug!
You have reached level 3!
Your experience leads to an increase in your attributes!
Increase (S)trength, (I)ntelligence, or (D)exterity?
You feel clever.
Your demonic ancestry asserts itself...
You feel immune to rotting.
You climb upwards.
There is a stone staircase leading down here.
Things that are here:
a +0 club; a hobgoblin skeleton; a goblin skeleton
There is an open door here.
There is a staircase leading out of the dungeon here.
Are you sure you want to leave the Dungeon?
This will make you lose the game!
You have escaped!

......## ####.# #.######....
.......## #.# #.## ##...
........# #######..# ##..
........# #....'...# ###
........# #....#..### # ........#
######..+(# # ........###
#####..##'#
..........######..##..'..# ###
........#.....##@.##..#..######..
........#####..#..'...#..#......#
........# #######..##..#.######
........##########..######## ###
..........)..............######..
.......############..............
......## #.######.#.....
#.###.##### ######.######..#....
#.#.#.#.#.####...................


There were no monsters in sight!

Vanquished Creatures
  3 dart slugs
  2 giant cockroaches (D:1)
  3 goblins (D:1)
  6 hobgoblins (D:1)
  2 bats (D:1)
  2 frilled lizards
  A kobold (D:1)
  3 rats (D:1)
22 creatures vanquished.

Notes
Turn   | Place    | Note
-------+----------+-------------------------------------------
     0 | D:1      | Alarkh the Demonspawn Transmuter began the quest for the
                  | Orb.
     0 | D:1      | Reached XP level 1. HP: 15/15 MP: 3/3
    25 | D:1      | Reached skill level 3 in Unarmed Combat
    52 | D:1      | Gained mutation: You have sharp toenails. [demonic
                  | ancestry]
    52 | D:1      | Reached XP level 2. HP: 10/21 MP: 5/5
   662 | D:2      | Gained mutation: You are immune to rotting. [demonic
                  | ancestry]
   662 | D:2      | Reached XP level 3. HP: 26/26 MP: 6/6
   687 | D:$      | Got out of the dungeon alive.

Illustrated notes

Levels and vault maps discovered:
D:1:      dpeg_arrival_short_road, layout_rooms, st_stairs_9
D:2:      layout_rooms, serial_bayou_ford_a, minmay_misc_feat_four_crosses,
          uniq_sigmund

Skill      XL: |  1 |
---------------+----+-----
Unarmed Combat | 3 |  3.8
Fighting       | |  1.0
Dodging        | |  1.7
Spellcasting   | |  2.0
Transmutations | |  1.7

Action                   || total
-------------------------++-------
Melee: Unarmed           ||    72
       Kick              ||    12
Armor: Robe              ||    15
       Scale mail        ||     8
Dodge: Dodged            ||    38

Table legend: (Time is in decaauts)
 A = Elapsed time spent in this place.
 B = Non-inter-level travel time spent in this place.
 C = Inter-level travel time spent in this place.
 D = Time resting spent in this place.
 E = Time spent auto-exploring this place.
 F = Levels seen in this place.
 G = Mean time per level.
                   A        B        C        D        E       F      G
               +--------+--------+--------+--------+--------+-----+--------+
         Total |    682 |    622 |     60 |      0 |    474 |   2 |  341.0 |
       Dungeon |    682 |    622 |     60 |      0 |    474 |   2 |  341.0 |
               +--------+--------+--------+--------+--------+-----+--------+

Top non-repeatable levels by time:
     D:1: 674 daAuts
     D:2: 7 daAuts
